[ AOE2 MATCH · #480586105 ]
UnrankedCelts vs Japanese
[ REPLAY ANALYSIS · EXTRACTED FROM THE RECORDED GAME ]
Feudal
3:08
Castle
8:36
Imperial
11:28
| APM avg | 62.4 |
| APM peak | 355 |
| eAPM avg | 56.2 |
| Villagers / military | 9 / 134 |
Focus
⚔️ 9.2% · 🌾 90.8%
Woad Raider ×131 · Mangonel ×3
Feudal
3:03
Castle
5:37
Imperial
8:41
| APM avg | 16.3 |
| APM peak | 33 |
| eAPM avg | 13.7 |
| Villagers / military | 60 / 52 |
Focus
⚔️ 21.4% · 🌾 78.6%
Scout Cavalry ×50 · Mangonel ×2
Feudal
5:34
Castle
11:47
Imperial
15:25
| APM avg | 29.2 |
| APM peak | 75 |
| eAPM avg | 28.3 |
| Villagers / military | 68 / 9 |
Focus
⚔️ 9.8% · 🌾 90.2%
Fishing Ship ×48 · Samurai ×9
Feudal
5:16
Castle
8:05
Imperial
13:15
| APM avg | 8.5 |
| APM peak | 24 |
| eAPM avg | 8.3 |
| Villagers / military | 20 / 2 |
Focus
⚔️ 5.0% · 🌾 95.0%
Monk ×1 · Mangonel ×1
Feudal
4:32
Castle
11:12
Imperial
—
| APM avg | 6.6 |
| APM peak | 21 |
| eAPM avg | 6.4 |
| Villagers / military | 37 / 0 |
Focus
⚔️ 5.6% · 🌾 94.4%
Trade Cart ×2
Feudal
5:40
Castle
11:13
Imperial
—
| APM avg | 19.5 |
| APM peak | 53 |
| eAPM avg | 18.4 |
| Villagers / military | 32 / 369 |
Focus
⚔️ 47.7% · 🌾 52.3%
Knight ×344 · Scout Cavalry ×25
Feudal
—
Castle
—
Imperial
—
| APM avg | 18.5 |
| APM peak | 44 |
| eAPM avg | 18.3 |
| Villagers / military | 34 / 53 |
Focus
⚔️ 21.6% · 🌾 78.4%
Scout Cavalry ×50 · Mangonel ×3
Feudal
4:34
Castle
7:08
Imperial
11:42
| APM avg | 21.0 |
| APM peak | 44 |
| eAPM avg | 17.7 |
| Villagers / military | 52 / 32 |
Focus
⚔️ 20.7% · 🌾 79.3%
Coustillier ×30 · Mangonel ×2
Match map
Initial resources + every placement click. Lines = walls · curves = elevation contours. ◆ gold · ⬟ stone · ● berries · ✦ relic · ◌ wall gap
Your base· ✓ Map-separated
aLEXt's base· ✓ Map-separated
FPS Geo's base· ✓ Map-separated
Bob's Uncle's base· ✓ Map-separated
TsC_BaTTouSai's base· ✓ Map-separated
FlyingSheep's base· ✓ Map-separated
PowerBeast51461's base· ✓ Map-separated
CC's base· ✓ Map-separated
Smoothed initial terrain · ◌ = detected wall gap · hover for details
Inputs per minute
— adrian - - aLEXt
Build order — adrian
First 150 of 208 actions detected
| 0:03 | Research | Loom |
| 0:05 | Build | Mill |
| 0:08 | Create | Villager (Male) ×4 |
| 0:22 | Build | Lumber Camp |
| 1:27 | Research | Tech 1625 |
| 1:28 | Research | Tech 1625 |
| 1:28 | Research | Tech 1624 |
| 1:29 | Research | Horse Collar |
| 1:29 | Research | Horse Collar |
| 1:38 | Build | Farm |
| 1:41 | Build | Farm |
| 2:16 | Research | Feudal Age |
| 2:20 | Research | Double-Bit Axe |
| 2:20 | Research | Tech 1687 |
| 2:21 | Research | Tech 1687 |
| 2:21 | Research | Tech 1688 |
| 3:08 | Age | Feudal Age |
| 3:38 | Research | Tech 1623 |
| 3:38 | Research | Tech 1622 |
| 3:38 | Research | Tech 1622 |
| 3:39 | Research | Heavy Plow |
| 3:39 | Research | Heavy Plow |
| 3:41 | Research | Bow Saw |
| 3:42 | Research | Tech 1691 |
| 3:42 | Research | Tech 1691 |
| 3:45 | Research | Town Watch |
| 3:45 | Research | Tech 1612 |
| 3:45 | Research | Tech 1612 |
| 3:46 | Research | Tech 1613 |
| 4:19 | Research | Tech 1692 |
| 4:19 | Research | Tech 1692 |
| 4:23 | Build | Market |
| 6:02 | Research | Wheelbarrow |
| 6:03 | Research | Tech 1699 |
| 6:03 | Research | Tech 1699 |
| 6:03 | Research | Tech 1700 |
| 6:12 | Build | Blacksmith |
| 6:30 | Research | Castle Age |
| 7:50 | Research | Hand Cart |
| 7:51 | Research | Tech 1715 |
| 7:52 | Research | Tech 1716 |
| 8:36 | Age | Castle Age |
| 8:38 | Research | Coinage |
| 8:41 | Research | Guilds |
| 8:41 | Research | Coinage |
| 8:44 | Research | Tech 1705 |
| 8:44 | Research | Tech 1705 |
| 8:45 | Research | Tech 1706 |
| 8:45 | Research | Tech 1706 |
| 8:48 | Research | Tech 1621 |
| 8:48 | Research | Tech 1621 |
| 8:49 | Research | Tech 1620 |
| 8:49 | Research | Tech 1620 |
| 8:54 | Build | Lumber Camp |
| 8:58 | Research | Scale Mail Armor |
| 8:58 | Research | Tech 1663 |
| 8:58 | Research | Tech 1663 |
| 8:59 | Research | Tech 1664 |
| 8:59 | Research | Tech 1664 |
| 9:00 | Research | Forging |
| 9:00 | Research | Forging |
| 9:00 | Research | Tech 1661 |
| 9:01 | Research | Tech 1661 |
| 9:01 | Research | Tech 1662 |
| 9:10 | Build | University |
| 9:18 | Build | Siege Workshop |
| 9:23 | Build | Monastery |
| 9:27 | Research | Town Patrol |
| 10:08 | Research | Treadmill Crane |
| 10:08 | Research | Treadmill Crane |
| 10:08 | Research | Tech 1651 |
| 10:09 | Research | Tech 1652 |
| 10:12 | Research | Imperial Age |
| 11:22 | Research | Iron Casting |
| 11:22 | Research | Chain Mail Armor |
| 11:22 | Research | Tech 1869 |
| 11:22 | Research | Tech 1667 |
| 11:23 | Research | Tech 1869 |
| 11:23 | Research | Tech 1667 |
| 11:23 | Research | Tech 1870 |
| 11:23 | Research | Tech 1668 |
| 11:23 | Research | Tech 1668 |
| 11:25 | Create | Mangonel |
| 11:25 | Create | Mangonel |
| 11:26 | Create | Mangonel |
| 11:28 | Age | Imperial Age |
| 11:30 | Research | Ballistics |
| 11:31 | Research | Arrowslits |
| 11:31 | Research | Arrowslits |
| 11:31 | Research | Tech 1812 |
| 11:32 | Research | Tech 1812 |
| 11:32 | Research | Tech 1813 |
| 11:32 | Research | Tech 1813 |
| 11:33 | Research | Chemistry |
| 11:33 | Research | Siege Engineers |
| 11:33 | Research | Chemistry |
| 11:33 | Research | Siege Engineers |
| 11:33 | Research | Chemistry |
| 11:33 | Research | Tech 1743 |
| 11:33 | Research | Tech 1640 |
| 11:34 | Research | Tech 1640 |
| 11:34 | Research | Tech 1743 |
| 11:34 | Research | Tech 1641 |
| 11:34 | Research | Tech 1641 |
| 11:47 | Research | Onager (upgrade) |
| 11:53 | Build | Lumber Camp |
| 12:01 | Build | Castle |
| 12:54 | Research | Siege Onager (upgrade) |
| 13:17 | Research | Spies/Treason |
| 13:17 | Research | Conscription |
| 13:18 | Research | Tech 1733 |
| 13:18 | Research | Tech 1733 |
| 13:19 | Research | Tech 1734 |
| 13:20 | Research | Tech 1734 |
| 13:20 | Research | Furor Celtica |
| 13:20 | Research | Furor Celtica |
| 13:21 | Research | Furor Celtica |
| 13:21 | Research | Tech 1608 |
| 13:21 | Research | Tech 1608 |
| 13:21 | Research | Tech 1608 |
| 13:22 | Research | Stronghold |
| 13:22 | Research | Tech 1770 |
| 13:23 | Research | Tech 1771 |
| 13:23 | Research | Tech 1771 |
| 13:23 | Research | Elite Woad Raider (upgrade) |
| 13:34 | Build | Barracks |
| 13:38 | Create | Woad Raider ×5 |
| 13:55 | Research | Banking |
| 13:57 | Research | Blast Furnace |
| 13:57 | Research | Plate Mail Armor |
| 13:58 | Research | Tech 1665 |
| 13:58 | Research | Tech 1669 |
| 13:58 | Research | Tech 1665 |
| 13:58 | Research | Tech 1666 |
| 13:58 | Research | Tech 1669 |
| 13:59 | Research | Tech 1670 |
| 13:59 | Research | Tech 1670 |
| 14:01 | Create | Woad Raider ×3 |
| 14:12 | Build | Castle |
| 14:16 | Research | Fletching |
| 14:16 | Research | Fletching |
| 14:16 | Research | Tech 1681 |
| 14:17 | Research | Tech 1682 |
| 14:17 | Research | Tech 1682 |
| 14:25 | Create | Woad Raider ×2 |
| 16:42 | Build | Monastery |
| 16:47 | Research | Tech 1628 |
| 16:48 | Research | Tech 1629 |
| 16:48 | Research | Tech 1629 |
| 17:32 | Build | Stone Wall |
Build order — aLEXt
First 150 of 191 actions detected
| 0:07 | Create | Villager (Male) ×4 |
| 0:20 | Build | Lumber Camp |
| 0:38 | Build | Mill |
| 0:55 | Research | Tech 1625 |
| 1:07 | Research | Tech 1624 |
| 1:22 | Build | Farm |
| 1:25 | Research | Horse Collar |
| 1:36 | Research | Double-Bit Axe |
| 1:36 | Research | Tech 1687 |
| 1:41 | Create | Villager (Male) |
| 1:58 | Research | Feudal Age |
| 2:03 | Research | Tech 1688 |
| 2:26 | Research | Wheelbarrow |
| 2:27 | Research | Tech 1699 |
| 2:27 | Research | Tech 1700 |
| 3:03 | Age | Feudal Age |
| 3:12 | Build | Market |
| 3:19 | Build | Blacksmith |
| 3:24 | Build | Barracks |
| 3:29 | Research | Tech 1623 |
| 3:30 | Research | Tech 1622 |
| 3:31 | Research | Heavy Plow |
| 3:36 | Research | Bow Saw |
| 3:37 | Research | Tech 1691 |
| 3:37 | Research | Tech 1692 |
| 4:04 | Research | Castle Age |
| 4:05 | Research | Town Watch |
| 4:16 | Build | Farm |
| 4:20 | Research | Forging |
| 4:20 | Research | Tech 1661 |
| 4:21 | Research | Tech 1662 |
| 4:58 | Research | Scale Barding Armor |
| 4:58 | Research | Tech 1871 |
| 4:59 | Research | Tech 1872 |
| 5:14 | Research | Tech 1612 |
| 5:16 | Research | Tech 1613 |
| 5:18 | Create | Villager (Male) ×5 |
| 5:37 | Age | Castle Age |
| 5:55 | Research | Tech 1621 |
| 5:55 | Research | Tech 1620 |
| 6:01 | Research | Two-Man Saw |
| 6:02 | Research | Tech 1705 |
| 6:02 | Research | Tech 1706 |
| 6:10 | Build | Lumber Camp |
| 6:19 | Build | Lumber Camp |
| 6:32 | Build | Monastery |
| 6:41 | Build | Siege Workshop |
| 7:08 | Create | Mangonel |
| 7:09 | Create | Mangonel |
| 7:23 | Research | Imperial Age |
| 7:46 | Build | Stable |
| 7:59 | Build | Blacksmith |
| 8:21 | Build | Town Center |
| 8:33 | Create | Villager (Male) ×5 |
| 8:37 | Research | Loom |
| 8:38 | Research | Tech 1628 |
| 8:39 | Research | Tech 1629 |
| 8:41 | Age | Imperial Age |
| 8:44 | Research | Onager (upgrade) |
| 8:52 | Research | Bloodlines |
| 8:53 | Research | Tech 1749 |
| 8:54 | Research | Tech 1750 |
| 8:55 | Research | Husbandry |
| 8:56 | Research | Tech 1634 |
| 8:56 | Research | Tech 1635 |
| 9:35 | Build | Town Center |
| 9:44 | Build | Mining Camp |
| 9:59 | Create | Villager (Male) ×5 |
| 9:59 | Create | Villager (Male) ×5 |
| 10:00 | Create | Villager (Male) ×5 |
| 10:43 | Research | Town Patrol |
| 10:44 | Research | Hand Cart |
| 10:45 | Research | Tech 1715 |
| 10:46 | Research | Tech 1716 |
| 10:47 | Create | Villager (Male) ×5 |
| 10:54 | Research | Stone Mining |
| 10:54 | Research | Tech 1723 |
| 10:55 | Research | Tech 1724 |
| 11:26 | Create | Villager (Male) ×5 |
| 11:34 | Research | Tech 1727 |
| 11:35 | Research | Tech 1728 |
| 11:35 | Research | Tech 1728 |
| 11:36 | Research | Gold Mining |
| 11:37 | Research | Tech 1653 |
| 11:37 | Research | Tech 1653 |
| 11:37 | Research | Tech 1654 |
| 11:41 | Research | Iron Casting |
| 11:42 | Research | Tech 1869 |
| 11:51 | Research | Tech 1870 |
| 12:06 | Build | Outpost |
| 12:18 | Build | University |
| 12:23 | Research | Blast Furnace |
| 12:23 | Research | Tech 1665 |
| 12:32 | Build | Stable |
| 12:34 | Build | Stable |
| 12:35 | Build | Stable |
| 12:43 | Research | Treadmill Crane |
| 12:44 | Research | Ballistics |
| 12:46 | Research | Tech 1651 |
| 12:47 | Research | Tech 1652 |
| 12:51 | Research | Arrowslits |
| 12:52 | Research | Guard Tower (upgrade) |
| 12:52 | Research | Tech 1812 |
| 12:53 | Research | Tech 1813 |
| 13:00 | Build | Watch Tower |
| 13:00 | Build | Watch Tower |
| 13:01 | Build | Watch Tower |
| 13:02 | Build | Watch Tower |
| 13:02 | Build | Watch Tower |
| 13:03 | Build | Watch Tower |
| 13:32 | Create | Villager (Male) ×5 |
| 13:32 | Create | Villager (Male) ×5 |
| 13:32 | Create | Villager (Male) ×5 |
| 13:33 | Create | Villager (Male) ×5 |
| 13:44 | Build | Castle |
| 14:06 | Build | Outpost |
| 14:16 | Research | Keep (upgrade) |
| 14:18 | Research | Masonry |
| 14:18 | Research | Tech 1646 |
| 14:19 | Research | Tech 1647 |
| 14:20 | Research | Siege Engineers |
| 14:21 | Research | Tech 1743 |
| 14:21 | Research | Tech 1744 |
| 14:23 | Research | Chemistry |
| 14:23 | Research | Tech 1640 |
| 14:24 | Research | Tech 1641 |
| 14:28 | Research | Conscription |
| 14:29 | Research | Tech 1733 |
| 14:29 | Research | Tech 1734 |
| 14:33 | Research | Elite Mameluke (upgrade) |
| 14:34 | Research | Tech 28 |
| 14:36 | Research | Tech 1632 |
| 14:37 | Research | Tech 1633 |
| 14:38 | Research | Tech 454 |
| 14:39 | Research | Tech 1760 |
| 14:39 | Research | Tech 1761 |
| 14:52 | Create | Scout Cavalry ×5 |
| 14:53 | Create | Scout Cavalry ×5 |
| 14:53 | Create | Scout Cavalry ×5 |
| 14:53 | Create | Scout Cavalry ×5 |
| 14:54 | Create | Scout Cavalry ×5 |
| 14:54 | Create | Scout Cavalry ×5 |
| 14:54 | Create | Scout Cavalry ×5 |
| 14:54 | Create | Scout Cavalry ×5 |
| 14:55 | Create | Scout Cavalry ×5 |
| 14:55 | Create | Scout Cavalry ×5 |
| 15:07 | Build | Farm |
| 15:08 | Build | Farm |
| 15:30 | Build | Watch Tower |
| 15:40 | Research | Fletching |
Build order — FPS Geo
First 150 of 259 actions detected
| 0:03 | Create | Villager (Male) |
| 0:04 | Create | Villager (Male) |
| 0:04 | Create | Villager (Male) |
| 0:04 | Create | Villager (Male) |
| 0:09 | Build | House |
| 0:24 | Build | Mill |
| 0:35 | Build | Farm |
| 0:40 | Build | Farm |
| 0:43 | Build | Farm |
| 1:31 | Build | Farm |
| 1:35 | Create | Villager (Male) |
| 1:35 | Create | Villager (Male) |
| 1:50 | Create | Villager (Male) |
| 1:51 | Create | Villager (Male) |
| 2:00 | Build | Farm |
| 2:20 | Create | Villager (Male) |
| 2:21 | Create | Villager (Male) |
| 2:29 | Build | Farm |
| 2:31 | Create | Villager (Male) |
| 2:40 | Create | Villager (Male) |
| 3:15 | Build | Farm |
| 3:17 | Create | Villager (Male) |
| 3:17 | Create | Villager (Male) |
| 3:18 | Create | Villager (Male) |
| 4:06 | Build | Farm |
| 4:07 | Build | Farm |
| 4:08 | Create | Villager (Male) |
| 4:08 | Create | Villager (Male) |
| 4:08 | Create | Villager (Male) |
| 4:09 | Create | Villager (Male) |
| 4:17 | Build | Lumber Camp |
| 4:23 | Build | Farm |
| 4:31 | Build | Farm |
| 4:34 | Build | Farm |
| 4:35 | Create | Villager (Male) |
| 4:36 | Create | Villager (Male) |
| 4:40 | Research | Feudal Age |
| 4:41 | Research | Feudal Age |
| 4:52 | Build | Farm |
| 4:52 | Build | Farm |
| 5:22 | Create | Villager (Male) |
| 5:23 | Create | Villager (Male) |
| 5:34 | Age | Feudal Age |
| 5:52 | Build | Farm |
| 5:54 | Build | Farm |
| 6:10 | Create | Villager (Male) |
| 6:18 | Research | Town Watch |
| 6:20 | Research | Tech 1612 |
| 6:20 | Research | Tech 1612 |
| 6:21 | Research | Tech 1613 |
| 6:21 | Research | Tech 1613 |
| 6:22 | Research | Wheelbarrow |
| 6:22 | Research | Tech 1699 |
| 6:22 | Research | Tech 1955 |
| 6:23 | Research | Tech 1955 |
| 6:34 | Build | Farm |
| 6:36 | Research | Double-Bit Axe |
| 6:36 | Research | Double-Bit Axe |
| 6:36 | Research | Tech 1687 |
| 6:37 | Research | Tech 1687 |
| 6:40 | Create | Villager (Male) |
| 6:41 | Create | Villager (Male) |
| 7:22 | Build | Farm |
| 7:35 | Build | Farm |
| 7:42 | Build | Farm |
| 7:44 | Build | Farm |
| 7:50 | Research | Tech 1688 |
| 8:38 | Build | Farm |
| 8:50 | Build | Market |
| 8:58 | Build | Blacksmith |
| 9:01 | Create | Villager (Male) |
| 9:08 | Create | Villager (Male) |
| 9:08 | Create | Villager (Male) |
| 9:17 | Research | Castle Age |
| 9:38 | Create | Villager (Male) |
| 9:39 | Create | Villager (Male) |
| 9:39 | Create | Villager (Male) |
| 10:10 | Build | Farm |
| 10:28 | Build | Farm |
| 10:35 | Create | Villager (Male) |
| 10:36 | Create | Villager (Male) |
| 11:16 | Build | Lumber Camp |
| 11:18 | Build | Lumber Camp |
| 11:24 | Build | Farm |
| 11:29 | Build | Lumber Camp |
| 11:30 | Create | Villager (Male) |
| 11:47 | Age | Castle Age |
| 11:49 | Research | Bow Saw |
| 11:49 | Research | Tech 1691 |
| 11:50 | Research | Tech 1692 |
| 11:51 | Create | Villager (Male) |
| 11:52 | Create | Villager (Male) |
| 11:55 | Research | Town Patrol |
| 11:58 | Research | Hand Cart |
| 11:58 | Research | Hand Cart |
| 12:00 | Create | Villager (Male) |
| 12:05 | Create | Villager (Male) |
| 12:05 | Create | Villager (Male) |
| 12:14 | Research | Hand Cart |
| 12:14 | Research | Hand Cart |
| 12:14 | Research | Tech 1715 |
| 12:19 | Create | Villager (Male) |
| 12:40 | Create | Villager (Male) |
| 12:50 | Build | Town Center |
| 13:08 | Research | Tech 1716 |
| 13:22 | Create | Villager (Male) |
| 13:23 | Create | Villager (Male) |
| 13:23 | Create | Villager (Male) |
| 13:35 | Build | Monastery |
| 13:36 | Create | Villager (Male) |
| 13:37 | Create | Villager (Male) |
| 13:51 | Build | University |
| 14:05 | Research | Imperial Age |
| 14:10 | Create | Villager (Male) |
| 14:11 | Create | Villager (Male) |
| 14:17 | Create | Villager (Male) |
| 14:17 | Create | Villager (Male) |
| 14:18 | Create | Villager (Male) |
| 14:19 | Create | Villager (Male) |
| 15:17 | Create | Villager (Male) |
| 15:17 | Create | Villager (Male) |
| 15:17 | Create | Villager (Male) |
| 15:18 | Create | Villager (Male) |
| 15:22 | Build | Town Center |
| 15:25 | Age | Imperial Age |
| 15:32 | Build | Dock |
| 15:36 | Build | Dock |
| 15:42 | Build | Dock |
| 15:46 | Build | Dock |
| 15:55 | Build | Lumber Camp |
| 16:00 | Research | Tech 1960 |
| 16:01 | Research | Tech 1961 |
| 16:01 | Research | Tech 1962 |
| 16:01 | Research | Tech 1962 |
| 16:03 | Create | Fishing Ship ×5 |
| 16:03 | Create | Fishing Ship ×5 |
| 16:04 | Create | Fishing Ship ×5 |
| 16:04 | Create | Fishing Ship ×5 |
| 16:04 | Create | Fishing Ship ×5 |
| 16:04 | Create | Fishing Ship ×5 |
| 16:06 | Create | Fishing Ship |
| 16:07 | Create | Fishing Ship ×5 |
| 16:27 | Create | Villager (Male) |
| 16:27 | Create | Villager (Male) |
| 16:28 | Create | Villager (Male) |
| 16:28 | Create | Villager (Male) |
| 16:36 | Research | Gillnets |
| 16:36 | Research | Tech 1659 |
| 16:37 | Research | Tech 1660 |
| 16:48 | Build | Fish Trap |
Build order — Bob's Uncle
63 actions detected in the replay
| 0:07 | Build | House |
| 0:11 | Build | Lumber Camp |
| 0:16 | Create | Villager (Male) ×4 |
| 0:29 | Build | Mill |
| 0:51 | Build | Farm |
| 0:54 | Build | Farm |
| 1:06 | Build | Farm |
| 1:41 | Create | Villager (Male) |
| 1:46 | Build | Farm |
| 2:00 | Create | Villager (Male) |
| 2:07 | Build | Farm |
| 2:26 | Build | Farm |
| 2:31 | Create | Villager (Male) |
| 2:32 | Create | Villager (Male) |
| 2:56 | Build | Farm |
| 3:22 | Build | Farm |
| 3:29 | Create | Villager (Male) |
| 3:30 | Create | Villager (Male) |
| 4:03 | Research | Feudal Age |
| 4:39 | Build | Farm |
| 5:16 | Age | Feudal Age |
| 5:19 | Research | Town Watch |
| 5:19 | Research | Tech 1612 |
| 5:19 | Research | Tech 1613 |
| 5:21 | Create | Villager (Male) |
| 5:22 | Create | Villager (Male) |
| 5:24 | Build | Farm |
| 5:53 | Build | Blacksmith |
| 6:19 | Create | Villager (Male) |
| 6:30 | Build | Market |
| 7:01 | Research | Castle Age |
| 7:08 | Research | Double-Bit Axe |
| 7:10 | Research | Tech 1687 |
| 7:17 | Research | Tech 1688 |
| 7:40 | Research | Forging |
| 7:41 | Research | Tech 1661 |
| 7:41 | Research | Tech 1661 |
| 7:41 | Research | Tech 1662 |
| 7:51 | Create | Villager (Male) |
| 7:51 | Create | Villager (Male) |
| 7:52 | Create | Villager (Male) |
| 8:05 | Age | Castle Age |
| 8:36 | Build | Farm |
| 9:31 | Create | Villager (Male) |
| 9:31 | Create | Villager (Male) |
| 9:50 | Research | Bow Saw |
| 9:59 | Create | Villager (Male) |
| 10:23 | Build | Lumber Camp |
| 10:27 | Research | Tech 1691 |
| 11:02 | Build | Siege Workshop |
| 11:29 | Build | Monastery |
| 11:34 | Create | Villager (Male) |
| 11:39 | Research | Tech 1692 |
| 11:49 | Research | Imperial Age |
| 12:03 | Create | Mangonel |
| 12:45 | Build | Farm |
| 13:15 | Age | Imperial Age |
| 13:40 | Research | Onager (upgrade) |
| 13:48 | Build | Lumber Camp |
| 14:11 | Research | Town Patrol |
| 14:13 | Research | Wheelbarrow |
| 14:43 | Build | Mining Camp |
| 16:31 | Create | Monk |
Build order — TsC_BaTTouSai
74 actions detected in the replay
| 0:03 | Create | Villager (Male) |
| 0:07 | Build | House |
| 0:12 | Build | Mill |
| 0:15 | Build | Lumber Camp |
| 0:24 | Create | Villager (Male) ×3 |
| 0:29 | Build | Farm |
| 0:32 | Build | Farm |
| 0:40 | Build | Farm |
| 1:13 | Create | Villager (Male) |
| 1:35 | Create | Villager (Male) |
| 1:40 | Build | Farm |
| 1:45 | Create | Villager (Male) |
| 2:33 | Build | Farm |
| 2:40 | Build | Farm |
| 2:41 | Build | Farm |
| 2:59 | Build | Farm |
| 3:34 | Create | Villager (Male) |
| 3:40 | Research | Feudal Age |
| 4:29 | Create | Villager (Male) |
| 4:32 | Age | Feudal Age |
| 4:45 | Research | Double-Bit Axe |
| 4:46 | Research | Tech 1687 |
| 4:47 | Research | Tech 1688 |
| 4:50 | Research | Town Watch |
| 4:51 | Research | Tech 1612 |
| 4:53 | Research | Tech 1613 |
| 5:03 | Create | Villager (Male) |
| 5:38 | Create | Villager (Male) |
| 5:48 | Build | Farm |
| 6:05 | Create | Villager (Male) |
| 6:08 | Build | Farm |
| 6:16 | Build | Market |
| 6:21 | Build | Blacksmith |
| 6:33 | Create | Villager (Male) |
| 7:02 | Create | Villager (Male) |
| 7:25 | Create | Villager (Male) |
| 7:54 | Build | Farm |
| 7:59 | Build | Lumber Camp |
| 8:05 | Research | Tech 1625 |
| 8:08 | Create | Villager (Male) |
| 8:08 | Create | Villager (Male) |
| 8:21 | Build | Farm |
| 8:30 | Build | Lumber Camp |
| 9:19 | Create | Villager (Male) |
| 9:29 | Build | Farm |
| 9:37 | Build | Lumber Camp |
| 10:08 | Research | Castle Age |
| 11:12 | Age | Castle Age |
| 11:22 | Create | Villager (Male) |
| 11:29 | Research | Bow Saw |
| 11:32 | Research | Tech 1691 |
| 11:32 | Research | Tech 1691 |
| 11:33 | Research | Tech 1692 |
| 11:43 | Research | Tech 1692 |
| 12:30 | Build | Town Center |
| 12:45 | Build | Town Center |
| 12:50 | Create | Villager (Male) |
| 12:51 | Create | Villager (Male) |
| 12:51 | Create | Villager (Male) |
| 12:58 | Build | Lumber Camp |
| 13:04 | Create | Villager (Male) |
| 13:04 | Create | Villager (Male) |
| 13:05 | Create | Villager (Male) |
| 13:33 | Build | Market |
| 13:44 | Create | Villager (Male) ×5 |
| 14:50 | Create | Villager (Male) |
| 14:50 | Create | Villager (Male) |
| 14:50 | Create | Villager (Male) |
| 14:51 | Create | Villager (Male) |
| 14:53 | Create | Trade Cart |
| 14:53 | Create | Trade Cart |
| 15:00 | Create | Villager (Male) |
| 15:00 | Create | Villager (Male) |
| 15:01 | Create | Villager (Male) |
Build order — FlyingSheep
First 150 of 222 actions detected
| 0:09 | Create | Villager (Male) ×4 |
| 0:09 | Create | Villager (Male) ×4 |
| 0:19 | Build | House |
| 0:21 | Build | Mill |
| 0:55 | Build | Farm |
| 1:00 | Build | Farm |
| 1:08 | Build | Farm |
| 1:18 | Build | Farm |
| 1:51 | Build | Lumber Camp |
| 1:55 | Create | Villager (Male) |
| 1:57 | Create | Villager (Male) |
| 2:23 | Build | Farm |
| 2:27 | Create | Villager (Male) |
| 2:31 | Create | Villager (Male) |
| 2:51 | Create | Villager (Male) |
| 2:53 | Create | Villager (Male) |
| 3:08 | Create | Villager (Male) |
| 3:22 | Build | Farm |
| 4:03 | Create | Villager (Male) |
| 4:37 | Create | Villager (Male) |
| 4:43 | Research | Feudal Age |
| 5:03 | Create | Villager (Male) |
| 5:40 | Age | Feudal Age |
| 5:46 | Build | Market |
| 5:53 | Create | Villager (Male) |
| 6:11 | Research | Double-Bit Axe |
| 6:11 | Research | Tech 1687 |
| 6:12 | Research | Tech 1688 |
| 6:13 | Research | Tech 1688 |
| 6:13 | Research | Tech 1688 |
| 6:20 | Research | Wheelbarrow |
| 6:36 | Build | Farm |
| 6:38 | Create | Villager (Male) |
| 6:41 | Research | Tech 1625 |
| 7:00 | Create | Villager (Male) |
| 7:20 | Research | Tech 1624 |
| 7:22 | Research | Horse Collar |
| 7:29 | Create | Villager (Male) |
| 7:34 | Build | Blacksmith |
| 7:42 | Build | Farm |
| 8:19 | Research | Tech 1699 |
| 8:58 | Research | Town Watch |
| 8:58 | Research | Tech 1612 |
| 8:58 | Research | Tech 1612 |
| 8:59 | Research | Tech 1613 |
| 8:59 | Research | Tech 1613 |
| 9:24 | Research | Tech 1955 |
| 9:37 | Build | Lumber Camp |
| 9:57 | Build | Barracks |
| 10:09 | Research | Castle Age |
| 10:09 | Research | Castle Age |
| 10:26 | Build | Stable |
| 10:34 | Build | House |
| 10:56 | Create | Scout Cavalry ×5 |
| 10:56 | Create | Scout Cavalry ×5 |
| 10:56 | Create | Scout Cavalry ×5 |
| 10:56 | Create | Scout Cavalry ×5 |
| 10:56 | Create | Scout Cavalry ×5 |
| 11:08 | Build | Stable |
| 11:10 | Build | Stable |
| 11:13 | Age | Castle Age |
| 11:13 | Build | Mining Camp |
| 11:24 | Create | Knight ×5 |
| 11:24 | Create | Knight ×5 |
| 11:24 | Create | Knight ×5 |
| 11:24 | Create | Knight ×5 |
| 11:24 | Create | Knight ×5 |
| 11:24 | Create | Knight ×5 |
| 11:35 | Create | Knight ×5 |
| 11:36 | Create | Knight ×5 |
| 11:36 | Create | Knight ×5 |
| 11:36 | Create | Knight ×5 |
| 11:36 | Create | Knight ×5 |
| 11:36 | Create | Knight ×5 |
| 11:36 | Create | Knight ×5 |
| 11:36 | Create | Knight ×5 |
| 11:48 | Build | Lumber Camp |
| 11:59 | Research | Gold Mining |
| 12:00 | Research | Tech 1653 |
| 12:01 | Research | Tech 1654 |
| 12:08 | Research | Coinage |
| 12:13 | Research | Bow Saw |
| 12:18 | Create | Villager (Male) |
| 13:11 | Research | Gold Shaft Mining |
| 13:17 | Create | Villager (Male) |
| 13:18 | Create | Villager (Male) |
| 13:19 | Create | Villager (Male) |
| 13:20 | Create | Villager (Male) |
| 13:42 | Build | Lumber Camp |
| 13:46 | Create | Villager (Male) |
| 13:47 | Create | Villager (Male) |
| 13:59 | Research | Husbandry |
| 13:59 | Research | Husbandry |
| 14:00 | Research | Tech 1634 |
| 14:00 | Research | Tech 1635 |
| 14:00 | Research | Tech 1635 |
| 14:19 | Research | Tech 1634 |
| 14:20 | Research | Bloodlines |
| 14:21 | Research | Bloodlines |
| 14:21 | Research | Tech 1749 |
| 14:21 | Research | Tech 1749 |
| 14:24 | Create | Knight ×5 |
| 14:24 | Create | Knight ×5 |
| 14:24 | Create | Knight ×5 |
| 14:24 | Create | Knight ×5 |
| 14:24 | Create | Knight ×5 |
| 14:24 | Create | Knight ×5 |
| 14:24 | Create | Knight ×5 |
| 14:25 | Create | Knight ×5 |
| 14:25 | Create | Knight ×5 |
| 14:25 | Create | Knight ×5 |
| 14:25 | Create | Knight ×5 |
| 14:47 | Create | Knight ×3 |
| 14:48 | Create | Knight |
| 14:48 | Create | Knight |
| 14:51 | Create | Knight |
| 14:56 | Create | Knight |
| 14:56 | Create | Knight |
| 14:56 | Create | Knight |
| 15:08 | Build | House |
| 15:11 | Build | House |
| 15:18 | Research | Tech 1750 |
| 15:37 | Build | Farm |
| 15:45 | Create | Knight ×5 |
| 15:45 | Create | Knight ×5 |
| 15:45 | Create | Knight ×5 |
| 15:46 | Create | Knight ×5 |
| 15:46 | Create | Knight ×5 |
| 15:48 | Create | Knight |
| 15:48 | Create | Knight |
| 15:49 | Create | Knight |
| 15:51 | Create | Knight |
| 15:51 | Create | Knight |
| 15:51 | Create | Knight |
| 16:14 | Create | Knight ×5 |
| 16:14 | Create | Knight ×5 |
| 16:15 | Create | Knight |
| 16:15 | Create | Knight |
| 16:15 | Create | Knight |
| 16:24 | Create | Knight |
| 16:24 | Create | Knight |
| 16:24 | Create | Knight |
| 16:24 | Create | Knight |
| 16:25 | Create | Knight |
| 16:34 | Create | Knight ×2 |
| 16:36 | Create | Knight |
| 16:36 | Create | Knight |
| 16:37 | Create | Knight |
| 16:40 | Create | Knight |
| 16:40 | Create | Knight |
Build order — PowerBeast51461
First 150 of 226 actions detected
| 0:13 | Build | House |
| 0:15 | Create | Villager (Male) ×4 |
| 0:35 | Build | Mill |
| 0:45 | Research | Wheelbarrow |
| 0:45 | Research | Wheelbarrow |
| 1:51 | Build | Farm |
| 1:51 | Build | Farm |
| 1:51 | Build | Farm |
| 1:52 | Build | Farm |
| 1:52 | Build | Farm |
| 1:52 | Build | Farm |
| 1:53 | Build | Farm |
| 1:53 | Build | Farm |
| 2:23 | Create | Villager (Male) |
| 2:23 | Create | Villager (Male) |
| 2:24 | Create | Villager (Male) |
| 2:25 | Create | Villager (Male) |
| 2:26 | Create | Villager (Male) |
| 2:26 | Create | Villager (Male) |
| 3:15 | Build | Farm |
| 3:33 | Build | Farm |
| 4:28 | Build | Lumber Camp |
| 4:39 | Research | Feudal Age |
| 4:43 | Build | Farm |
| 5:00 | Research | Double-Bit Axe |
| 5:00 | Research | Double-Bit Axe |
| 5:01 | Research | Tech 1687 |
| 5:01 | Research | Tech 1687 |
| 5:08 | Research | Tech 1688 |
| 5:09 | Research | Tech 1688 |
| 5:11 | Research | Tech 1625 |
| 5:12 | Research | Tech 1625 |
| 5:17 | Research | Tech 1624 |
| 5:18 | Research | Tech 1624 |
| 5:28 | Build | Farm |
| 5:36 | Build | Farm |
| 5:46 | Research | Bow Saw |
| 5:47 | Research | Bow Saw |
| 5:47 | Research | Tech 1691 |
| 5:47 | Research | Tech 1691 |
| 5:48 | Research | Tech 1691 |
| 6:06 | Build | Market |
| 6:08 | Build | Blacksmith |
| 6:16 | Create | Villager (Male) ×5 |
| 6:18 | Create | Villager (Male) ×5 |
| 6:28 | Research | Hand Cart |
| 6:31 | Research | Tech 1699 |
| 6:32 | Research | Tech 1699 |
| 6:32 | Research | Tech 1700 |
| 6:32 | Research | Tech 1700 |
| 6:33 | Research | Tech 1715 |
| 6:33 | Research | Tech 1715 |
| 6:43 | Build | Farm |
| 6:56 | Research | Castle Age |
| 7:01 | Research | Tech 1692 |
| 7:01 | Research | Tech 1692 |
| 7:04 | Research | Horse Collar |
| 7:04 | Research | Horse Collar |
| 7:13 | Research | Tech 1623 |
| 7:13 | Research | Tech 1623 |
| 7:26 | Research | Tech 1622 |
| 7:27 | Research | Heavy Plow |
| 7:57 | Research | Town Watch |
| 7:57 | Research | Town Watch |
| 7:58 | Research | Tech 1612 |
| 7:58 | Research | Tech 1612 |
| 7:58 | Research | Tech 1613 |
| 7:59 | Research | Tech 1613 |
| 8:23 | Research | Forging |
| 8:23 | Research | Scale Barding Armor |
| 8:23 | Research | Forging |
| 8:23 | Research | Scale Barding Armor |
| 8:24 | Research | Tech 1661 |
| 8:24 | Research | Tech 1871 |
| 8:24 | Research | Tech 1661 |
| 8:24 | Research | Tech 1871 |
| 8:24 | Research | Tech 1662 |
| 8:25 | Research | Tech 1872 |
| 8:25 | Research | Tech 1662 |
| 8:25 | Research | Tech 1872 |
| 8:53 | Build | Lumber Camp |
| 9:22 | Research | Tech 1716 |
| 9:22 | Research | Tech 1716 |
| 9:22 | Research | Tech 1716 |
| 9:26 | Research | Tech 1705 |
| 9:26 | Research | Tech 1705 |
| 9:26 | Research | Tech 1705 |
| 9:27 | Research | Tech 1706 |
| 9:27 | Research | Tech 1706 |
| 9:27 | Research | Tech 1706 |
| 9:57 | Build | Castle |
| 10:04 | Create | Villager (Male) ×5 |
| 10:36 | Research | Tech 1621 |
| 10:36 | Research | Tech 1621 |
| 10:37 | Research | Tech 1620 |
| 10:37 | Research | Tech 1620 |
| 10:37 | Research | Crop Rotation |
| 10:38 | Research | Crop Rotation |
| 10:41 | Research | Iron Casting |
| 10:41 | Research | Chain Barding Armor |
| 10:41 | Research | Iron Casting |
| 10:41 | Research | Chain Barding Armor |
| 10:41 | Research | Tech 1869 |
| 10:42 | Research | Tech 1673 |
| 10:42 | Research | Tech 1869 |
| 10:42 | Research | Tech 1673 |
| 10:42 | Research | Tech 1870 |
| 10:43 | Research | Tech 1674 |
| 10:43 | Research | Tech 1870 |
| 10:43 | Research | Tech 1674 |
| 11:10 | Research | Imperial Age |
| 12:02 | Build | Farm |
| 12:02 | Build | Farm |
| 12:04 | Build | Farm |
| 12:05 | Build | Farm |
| 12:31 | Build | Farm |
| 12:41 | Create | Villager (Male) |
| 12:41 | Create | Villager (Male) |
| 12:42 | Create | Villager (Male) |
| 12:42 | Create | Villager (Male) |
| 13:14 | Build | University |
| 13:39 | Research | Szlachta Privileges |
| 13:39 | Research | Szlachta Privileges |
| 13:46 | Research | Lechitic Legacy |
| 13:46 | Research | Lechitic Legacy |
| 13:46 | Research | Lechitic Legacy |
| 14:04 | Build | Siege Workshop |
| 14:10 | Build | Barracks |
| 14:16 | Research | Treadmill Crane |
| 14:17 | Research | Treadmill Crane |
| 14:42 | Research | Onager (upgrade) |
| 14:43 | Create | Mangonel |
| 14:44 | Create | Mangonel |
| 14:44 | Create | Mangonel |
| 15:08 | Build | Mining Camp |
| 15:10 | Build | Mining Camp |
| 15:38 | Research | Conscription |
| 15:39 | Research | Conscription |
| 15:39 | Research | Conscription |
| 15:39 | Research | Tech 1733 |
| 15:40 | Research | Tech 1733 |
| 15:40 | Research | Tech 1733 |
| 15:40 | Research | Tech 1734 |
| 16:47 | Create | Villager (Male) ×5 |
| 16:49 | Research | Gold Mining |
| 16:50 | Research | Gold Mining |
| 16:50 | Research | Tech 1653 |
| 16:50 | Research | Tech 1653 |
| 16:51 | Research | Tech 1654 |
| 16:51 | Research | Tech 1654 |
Build order — CC
First 150 of 208 actions detected
| 0:04 | Create | Villager (Male) |
| 0:04 | Create | Villager (Male) |
| 0:14 | Build | House |
| 0:16 | Build | Mill |
| 0:52 | Build | Mill |
| 1:01 | Create | Villager (Male) |
| 1:10 | Build | Farm |
| 1:17 | Build | Farm |
| 1:38 | Create | Villager (Male) |
| 1:40 | Create | Villager (Male) |
| 2:00 | Build | Lumber Camp |
| 2:08 | Create | Villager (Male) |
| 2:25 | Create | Villager (Male) |
| 2:32 | Build | Farm |
| 2:45 | Research | Double-Bit Axe |
| 2:46 | Research | Double-Bit Axe |
| 2:46 | Research | Tech 1687 |
| 2:46 | Research | Tech 1687 |
| 2:46 | Research | Tech 1687 |
| 2:47 | Research | Tech 1688 |
| 2:50 | Create | Villager (Male) |
| 2:56 | Build | Farm |
| 3:20 | Build | Farm |
| 3:39 | Research | Feudal Age |
| 3:40 | Research | Feudal Age |
| 4:05 | Research | Wheelbarrow |
| 4:06 | Research | Wheelbarrow |
| 4:06 | Research | Wheelbarrow |
| 4:06 | Research | Tech 1699 |
| 4:07 | Research | Tech 1699 |
| 4:07 | Research | Tech 1700 |
| 4:08 | Research | Tech 1700 |
| 4:14 | Research | Tech 1625 |
| 4:15 | Research | Tech 1624 |
| 4:16 | Research | Horse Collar |
| 4:34 | Age | Feudal Age |
| 4:48 | Build | Blacksmith |
| 4:53 | Create | Villager (Male) |
| 5:05 | Build | Market |
| 5:10 | Research | Bow Saw |
| 5:11 | Research | Bow Saw |
| 5:11 | Research | Tech 1691 |
| 5:11 | Research | Tech 1691 |
| 5:12 | Research | Tech 1692 |
| 5:12 | Research | Tech 1692 |
| 5:21 | Research | Hand Cart |
| 5:21 | Research | Hand Cart |
| 5:22 | Research | Tech 1715 |
| 5:22 | Research | Tech 1715 |
| 5:23 | Research | Tech 1716 |
| 5:52 | Research | Castle Age |
| 6:00 | Research | Tech 1623 |
| 6:00 | Research | Tech 1623 |
| 6:01 | Research | Tech 1622 |
| 6:02 | Research | Heavy Plow |
| 6:02 | Research | Heavy Plow |
| 6:14 | Build | Lumber Camp |
| 6:27 | Build | Lumber Camp |
| 6:55 | Research | Hand Cart |
| 6:55 | Research | Hand Cart |
| 6:56 | Research | Tech 1715 |
| 6:56 | Research | Tech 1715 |
| 6:57 | Research | Tech 1716 |
| 6:59 | Create | Villager (Male) |
| 6:59 | Create | Villager (Male) |
| 7:00 | Create | Villager (Male) |
| 7:08 | Age | Castle Age |
| 7:31 | Research | Two-Man Saw |
| 7:32 | Research | Two-Man Saw |
| 7:32 | Research | Tech 1705 |
| 7:32 | Research | Tech 1705 |
| 7:33 | Research | Tech 1706 |
| 7:33 | Research | Tech 1706 |
| 7:49 | Build | Town Center |
| 8:11 | Research | Tech 1621 |
| 8:11 | Research | Tech 1621 |
| 8:12 | Research | Tech 1620 |
| 8:12 | Research | Tech 1620 |
| 8:13 | Research | Crop Rotation |
| 8:46 | Create | Villager (Male) |
| 8:47 | Create | Villager (Male) |
| 8:48 | Create | Villager (Male) |
| 8:48 | Create | Villager (Male) |
| 8:56 | Build | Siege Workshop |
| 9:03 | Build | Lumber Camp |
| 9:55 | Build | Monastery |
| 10:01 | Create | Villager (Male) |
| 10:03 | Create | Villager (Male) |
| 10:16 | Research | Imperial Age |
| 10:20 | Build | Lumber Camp |
| 10:36 | Create | Villager (Male) |
| 10:36 | Create | Villager (Male) |
| 10:51 | Build | Farm |
| 10:56 | Build | Farm |
| 11:08 | Create | Villager (Male) |
| 11:09 | Create | Villager (Male) |
| 11:22 | Build | Siege Workshop |
| 11:40 | Create | Mangonel |
| 11:42 | Age | Imperial Age |
| 11:57 | Research | Onager (upgrade) |
| 12:10 | Build | University |
| 12:14 | Build | Lumber Camp |
| 12:42 | Create | Villager (Male) ×5 |
| 12:51 | Build | Town Center |
| 13:06 | Create | Villager (Male) ×5 |
| 13:13 | Build | Mining Camp |
| 13:29 | Create | Villager (Male) ×5 |
| 13:31 | Build | Farm |
| 13:45 | Research | Stone Mining |
| 13:45 | Research | Stone Mining |
| 13:45 | Research | Stone Mining |
| 13:46 | Research | Tech 1723 |
| 13:46 | Research | Tech 1723 |
| 13:46 | Research | Tech 1723 |
| 13:52 | Research | Loom |
| 13:52 | Research | Loom |
| 13:52 | Research | Loom |
| 13:53 | Research | Tech 1628 |
| 13:53 | Research | Tech 1628 |
| 13:53 | Research | Tech 1629 |
| 14:20 | Build | Town Center |
| 14:40 | Create | Villager (Male) ×5 |
| 14:52 | Create | Villager (Male) ×5 |
| 14:57 | Build | House |
| 14:59 | Build | House |
| 15:03 | Build | House |
| 15:26 | Create | Villager (Male) ×5 |
| 15:33 | Build | Barracks |
| 15:50 | Build | Castle |
| 15:58 | Build | Stable |
| 16:03 | Research | Chemistry |
| 16:04 | Research | Treadmill Crane |
| 16:12 | Research | Scale Barding Armor |
| 16:12 | Research | Forging |
| 16:14 | Research | Tech 1871 |
| 16:14 | Research | Tech 1661 |
| 16:14 | Research | Tech 1871 |
| 16:15 | Research | Tech 1661 |
| 16:15 | Research | Tech 1872 |
| 16:21 | Build | Blacksmith |
| 16:26 | Build | Lumber Camp |
| 16:35 | Research | Tech 1749 |
| 16:36 | Research | Tech 1749 |
| 16:36 | Research | Tech 1750 |
| 16:37 | Research | Tech 1750 |
| 16:38 | Research | Husbandry |
| 16:38 | Research | Husbandry |
| 16:38 | Research | Husbandry |
| 16:39 | Research | Tech 1634 |
| 16:39 | Research | Tech 1634 |
Match timeline
| 3:03 | aLEXt · age_up feudal |
| 3:08 | adrian · age_up feudal |
| 3:24 | aLEXt · first_building Barracks |
| 3:44 | aLEXt · first_market_sell 500 food |
| 4:32 | TsC_BaTTouSai · age_up feudal |
| 4:34 | CC · age_up feudal |
| 5:16 | Bob's Uncle · age_up feudal |
| 5:34 | FPS Geo · age_up feudal |
| 5:37 | aLEXt · age_up castle |
| 5:40 | FlyingSheep · age_up feudal |
| 5:43 | CC · first_market_sell 100 food |
| 6:05 | adrian · first_market_sell 100 food |
| 6:14 | FlyingSheep · first_market_sell 100 wood |
| 6:32 | aLEXt · first_building Monastery |
| 6:41 | aLEXt · first_building Siege Workshop |
| 6:48 | PowerBeast51461 · first_market_sell 500 wood |
| 6:59 | Bob's Uncle · first_market_sell 100 wood |
| 7:08 | CC · age_up castle |
| 7:46 | aLEXt · first_building Stable |
| 7:48 | TsC_BaTTouSai · tribute_sent a jugador 1 |
| 7:48 | TsC_BaTTouSai · tribute_sent a jugador 2 |
| 7:48 | TsC_BaTTouSai · tribute_sent a jugador 3 |
| 7:48 | TsC_BaTTouSai · tribute_sent a jugador 5 |
| 7:48 | TsC_BaTTouSai · tribute_sent a jugador 6 |
| 7:48 | TsC_BaTTouSai · tribute_sent a jugador 7 |
| 7:48 | TsC_BaTTouSai · tribute_sent a jugador 8 |
| 8:05 | Bob's Uncle · age_up castle |
| 8:11 | TsC_BaTTouSai · first_market_sell 500 wood |
| 8:36 | adrian · age_up castle |
| 8:41 | aLEXt · age_up imperial |
| 8:56 | CC · first_building Siege Workshop |
| 9:14 | FPS Geo · first_market_sell 500 wood |
| 9:18 | adrian · first_building Siege Workshop |
| 9:23 | adrian · first_building Monastery |
| 9:24 | Bob's Uncle · first_market_buy 500 stone |
| 9:35 | adrian · first_market_buy 500 stone |
| 9:45 | PowerBeast51461 · first_market_buy 100 stone |
| 9:45 | CC · first_market_buy 100 food |
| 9:55 | CC · first_building Monastery |
| 9:57 | PowerBeast51461 · first_building Castle |
| 9:57 | FlyingSheep · first_building Barracks |
| 10:26 | FlyingSheep · first_building Stable |
| 11:02 | Bob's Uncle · first_building Siege Workshop |
| 11:12 | TsC_BaTTouSai · age_up castle |
| 11:13 | FlyingSheep · age_up castle |
| 11:28 | adrian · age_up imperial |
| 11:29 | Bob's Uncle · first_building Monastery |
| 11:42 | CC · age_up imperial |
| 11:47 | FPS Geo · age_up castle |
| 12:01 | adrian · first_building Castle |
| 12:46 | FlyingSheep · first_market_buy 100 food |
| 13:15 | Bob's Uncle · age_up imperial |
| 13:19 | FPS Geo · first_market_buy 100 food |
| 13:34 | adrian · first_building Barracks |
| 13:35 | FPS Geo · first_building Monastery |
| 13:44 | aLEXt · first_building Castle |
| 14:04 | PowerBeast51461 · first_building Siege Workshop |
| 14:10 | PowerBeast51461 · first_building Barracks |
| 15:25 | FPS Geo · age_up imperial |
| 15:27 | adrian · tribute_sent a jugador 1 |
| 15:27 | adrian · tribute_sent a jugador 2 |
| 15:27 | adrian · tribute_sent a jugador 3 |
| 15:27 | adrian · tribute_sent a jugador 4 |
| 15:27 | adrian · tribute_sent a jugador 6 |
| 15:27 | adrian · tribute_sent a jugador 7 |
| 15:27 | adrian · tribute_sent a jugador 8 |
| 15:32 | FPS Geo · first_building Dock |
| 15:33 | CC · first_building Barracks |
| 15:50 | CC · first_building Castle |
| 15:58 | CC · first_building Stable |
| 16:16 | TsC_BaTTouSai · resign |
| 17:32 | adrian · wall_segment Stone Wall x4 |
| 17:39 | adrian · wall_segment Stone Wall x6 |
| 18:05 | PowerBeast51461 · first_building Stable |
| 18:23 | aLEXt · tribute_sent a jugador 2 |
| 18:23 | aLEXt · tribute_sent a jugador 3 |
| 18:23 | aLEXt · tribute_sent a jugador 4 |
| 18:23 | aLEXt · tribute_sent a jugador 5 |
| 18:23 | aLEXt · tribute_sent a jugador 6 |
| 18:23 | aLEXt · tribute_sent a jugador 7 |
| 18:23 | aLEXt · tribute_sent a jugador 8 |
| 20:37 | FPS Geo · first_building Castle |
[ AI ANALYSIS · 1 CREDIT ]
What really happened in this match?
Wolo.gg analyzes every decision: build order, eco, micro, common mistakes by bracket. Personalized analysis on WhatsApp or Discord in 30 seconds.
Civ guide
Celts
Map guide
BAMBOO NOTHING - SCORPYON DE (Custom)
Perfil
adrian